| TOP OF THE 1ST |
|
Burlington Bees batting - Pitching for Charleston RiverDogs : RHP Andrew Ray
|
|
Pitching: RHP Andrew Ray
|
|
|
Batting: RHB Dan Myers
|
0-0: Ball 1-0: Swinging Strike 1-1: Ball 2-1: Foul Ball, location: 2F 2-2: Strikes out looking
|
|
Batting: RHB Rory Cobb
|
0-0: Called Strike 0-1: Foul Ball, location: 2F 0-2: Strikes out swinging
|
|
Batting: LHB Pavla Markianov
|
0-0: Swinging Strike 0-1: Ball 1-1: Foul Ball, location: 2F 1-2: Hit by Pitch
|
|
Batting: SHB Danny Gelinas
|
0-0: Fly out, F8 (Flyball, 8RM, EV 90.0 MPH)
|
| Top of the 1st over - 0 runs, 0 hits, 0 errors, 1 left on base; Burlington 0 - Charleston 0 |
| BOTTOM OF THE 1ST |
|
Charleston RiverDogs batting - Pitching for Burlington Bees : RHP Tim Mumpower
|
|
Pitching: RHP Tim Mumpower
|
|
|
Batting: LHB Marc Durgin
|
0-0: Ball 1-0: Swinging Strike 1-1: Ball 2-1: Swinging Strike 2-2: Ball 3-2: Ground out 4-3 (Groundball, 4, EV 81.2 MPH)
|
|
Batting: LHB Dale Anderson
|
0-0: Hit by Pitch
|
|
Batting: RHB Iften Olujimi
|
0-0: Fielders Choice at 2nd, 1-4 (Groundball, 15S, EV 63.8 MPH)
|
|
Batting: LHB Jeremiah Walker
|
0-0: Ball 1-0: Ball 2-0: Called Strike 2-1: Ball Iften Olujimi is caught stealing 2nd base 2-6
|
| Bottom of the 1st over - 0 runs, 0 hits, 0 errors, 0 left on base; Burlington 0 - Charleston 0 |
| TOP OF THE 2ND |
|
Burlington Bees batting - Pitching for Charleston RiverDogs : RHP Andrew Ray
|
|
Batting: RHB Peter Westover
|
0-0: Called Strike 0-1: Ball 1-1: Ball 2-1: Called Strike 2-2: Strikes out swinging
|
|
Batting: LHB Jamie Diebel
|
0-0: Ball 1-0: SINGLE (Line Drive, 9S, EV 104.4 MPH)
|
|
Batting: SHB David Vigo
|
0-0: Called Strike 0-1: Ball 1-1: Ball 2-1: Ball 3-1: Foul Ball, location: 2F 3-2: Grounds into double play, 4-6-3 (Groundball, 4, EV 86.2 MPH)
|
| Top of the 2nd over - 0 runs, 1 hit, 0 errors, 0 left on base; Burlington 0 - Charleston 0 |
| BOTTOM OF THE 2ND |
|
Charleston RiverDogs batting - Pitching for Burlington Bees : RHP Tim Mumpower
|
|
Batting: LHB Jeremiah Walker
|
0-0: DOUBLE (Groundball, 3L, EV 98.1 MPH)
|
|
Batting: RHB Mike Zern
|
0-0: Ball 1-0: Ball 2-0: Ball 3-0: Called Strike 3-1: Called Strike 3-2: Base on Balls
|
|
Batting: RHB Bill Nguyen-Tan
|
0-0: Called Strike 0-1: Called Strike 0-2: Ball 1-2: Ball 2-2: Foul Ball, location: 2F 2-2: Ball 3-2: Strikes out swinging
|
|
Batting: RHB Nate Singleton
|
0-0: SINGLE (Groundball, 6M, EV 100.6 MPH) (infield hit) Jeremiah Walker to third Mike Zern to second
|
|
Batting: RHB Michael Patterson
|
0-0: Foul Ball, location: 2F 0-1: Called Strike 0-2: Ball 1-2: Strikes out swinging
|
|
Batting: RHB Louwe Starmans
|
0-0: Ball 1-0: Ball 2-0: Called Strike 2-1: Called Strike 2-2: Ball 3-2: Strikes out swinging
|
| Bottom of the 2nd over - 0 runs, 2 hits, 0 errors, 3 left on base; Burlington 0 - Charleston 0 |
| TOP OF THE 3RD |
|
Burlington Bees batting - Pitching for Charleston RiverDogs : RHP Andrew Ray
|
|
Batting: RHB Phil Knox
|
0-0: Swinging Strike 0-1: Swinging Strike 0-2: Foul Ball, location: 2F 0-2: Ball 1-2: Strikes out swinging
|
|
Batting: RHB Malachi Ephron
|
0-0: Ball 1-0: Called Strike 1-1: Ball 2-1: Fly out, F7 (Line Drive, 7LS, EV 98.8 MPH)
|
|
Batting: RHB Dan Myers
|
0-0: Called Strike 0-1: Ball 1-1: Foul Ball, location: 2F 1-2: Ball 2-2: Strikes out looking
|
| Top of the 3rd over - 0 runs, 0 hits, 0 errors, 0 left on base; Burlington 0 - Charleston 0 |
| BOTTOM OF THE 3RD |
|
Charleston RiverDogs batting - Pitching for Burlington Bees : RHP Tim Mumpower
|
|
Batting: LHB Marc Durgin
|
0-0: Called Strike 0-1: Ground out 4-3 (Groundball, 4M, EV 101.2 MPH)
|
|
Batting: LHB Dale Anderson
|
0-0: Called Strike 0-1: Foul Ball, location: 2F 0-2: Strikes out looking
|
|
Batting: RHB Iften Olujimi
|
0-0: Ball 1-0: SINGLE (Line Drive, 9S, EV 86.2 MPH)
|
|
Batting: LHB Jeremiah Walker
|
0-0: Fly out, F8 (Flyball, 8RM, EV 78.1 MPH)
|
| Bottom of the 3rd over - 0 runs, 1 hit, 0 errors, 1 left on base; Burlington 0 - Charleston 0 |
| TOP OF THE 4TH |
|
Burlington Bees batting - Pitching for Charleston RiverDogs : RHP Andrew Ray
|
|
Batting: RHB Rory Cobb
|
0-0: Swinging Strike 0-1: Foul Ball, location: 2F 0-2: Foul Ball, location: 2F 0-2: Ball 1-2: Foul Ball, location: 2F 1-2: Ball 2-2: Strikes out swinging
|
|
Batting: LHB Pavla Markianov
|
0-0: Ball 1-0: Called Strike 1-1: Ball 2-1: Foul Ball, location: 2F 2-2: Ball 3-2: Base on Balls
|
|
Batting: SHB Danny Gelinas
|
0-0: Called Strike Pavla Markianov steals 2nd base (no throw) 0-1: Ball 1-1: Ball Wild Pitch! Pavla Markianov to third 2-1: Ball 3-1: Ground out 4-3 (Groundball, 4, EV 86.2 MPH) Pavla Markianov scores
|
|
Batting: RHB Peter Westover
|
0-0: TRIPLE (Flyball, 7D, EV 96.2 MPH)
|
|
Batting: LHB Jamie Diebel
|
0-0: Called Strike 0-1: Called Strike 0-2: Ball 1-2: Strikes out looking
|
| Top of the 4th over - 1 run, 1 hit, 0 errors, 1 left on base; Burlington 1 - Charleston 0 |
| BOTTOM OF THE 4TH |
|
Charleston RiverDogs batting - Pitching for Burlington Bees : RHP Tim Mumpower
|
|
Batting: RHB Mike Zern
|
0-0: Called Strike 0-1: Ball 1-1: Ball 2-1: DOUBLE (Line Drive, 78XD, EV 105.6 MPH)
|
|
Batting: RHB Bill Nguyen-Tan
|
0-0: Ball 1-0: Ball 2-0: Foul Ball, location: 2F 2-1: Called Strike 2-2: Ball 3-2: Foul Ball, location: 2F 3-2: Ground out 6-3 (Groundball, 6, EV 85.6 MPH)
|
|
Batting: RHB Nate Singleton
|
0-0: Foul Ball, location: 2F 0-1: Foul Ball, location: 2F 0-2: Strikes out swinging
|
|
Batting: RHB Michael Patterson
|
0-0: Ball 1-0: Called Strike 1-1: Called Strike 1-2: Ball 2-2: Ball 3-2: SINGLE (Line Drive, 8RS, EV 95.0 MPH) Mike Zern to third
|
|
Batting: RHB Louwe Starmans
|
0-0: Called Strike 0-1: Ball 1-1: Fielders Choice at 2nd, 6-4 (Groundball, 6, EV 85.6 MPH)
|
| Bottom of the 4th over - 0 runs, 2 hits, 0 errors, 2 left on base; Burlington 1 - Charleston 0 |
| TOP OF THE 5TH |
|
Burlington Bees batting - Pitching for Charleston RiverDogs : RHP Andrew Ray
|
|
Batting: SHB David Vigo
|
0-0: Called Strike 0-1: Ball 1-1: Ground out U3 (Groundball, 3, EV 83.8 MPH)
|
|
Batting: RHB Phil Knox
|
0-0: Swinging Strike 0-1: Ball 1-1: Ball 2-1: Foul Ball, location: 2F 2-2: SINGLE (Line Drive, 4MD, EV 106.9 MPH)
|
|
Batting: RHB Malachi Ephron
|
0-0: Ball 1-0: Grounds into double play, 4-6-3 (Groundball, 4, EV 100.0 MPH)
|
| Top of the 5th over - 0 runs, 1 hit, 0 errors, 0 left on base; Burlington 1 - Charleston 0 |
| BOTTOM OF THE 5TH |
|
Charleston RiverDogs batting - Pitching for Burlington Bees : RHP Tim Mumpower
|
|
Batting: LHB Marc Durgin
|
0-0: Called Strike 0-1: Ball 1-1: Called Strike 1-2: Ball 2-2: Strikes out swinging
|
|
Batting: LHB Dale Anderson
|
0-0: Ball 1-0: Foul Ball, location: 2F 1-1: Called Strike 1-2: Ball 2-2: Strikes out swinging passed ball, reaches first!
|
|
Batting: RHB Iften Olujimi
|
0-0: Ball Wild Pitch! Dale Anderson to second 1-0: Swinging Strike 1-1: Ball 2-1: Called Strike 2-2: Ball 3-2: SINGLE (Groundball, 5S, EV 74.4 MPH) (infield hit) Dale Anderson to third
|
|
Batting: LHB Jeremiah Walker
|
0-0: Ball 1-0: Foul Ball, location: 2F 1-1: Ball 2-1: Called Strike Iften Olujimi steals 2nd, throwing error, E2 Dale Anderson scores Iften Olujimi to third 2-2: Ball 3-2: Strikes out swinging
|
|
Pitching: RHP Devin Spears
|
|
|
Batting: RHB Mike Zern
|
0-0: Called Strike 0-1: Fly out, F8 (Flyball, 8LXD, EV 96.2 MPH)
|
| Bottom of the 5th over - 1 run, 1 hit, 1 error, 1 left on base; Burlington 1 - Charleston 1 |
| TOP OF THE 6TH |
|
Burlington Bees batting - Pitching for Charleston RiverDogs : RHP Andrew Ray
|
|
Batting: RHB Dan Myers
|
0-0: Foul Ball, location: 2F 0-1: Ball 1-1: Ball 2-1: Called Strike 2-2: Ball 3-2: Foul Ball, location: 2F 3-2: Foul Ball, location: 2F 3-2: Strikes out looking
|
|
Batting: RHB Rory Cobb
|
0-0: SINGLE (Groundball, 4MD, EV 110.6 MPH)
|
|
Batting: LHB Pavla Markianov
|
0-0: Ball 1-0: Foul Ball, location: 2F 1-1: Called Strike 1-2: Foul Ball, location: 2F 1-2: Ball 2-2: Grounds into double play, U6-3 (Groundball, 4MS, EV 80.0 MPH)
|
| Top of the 6th over - 0 runs, 1 hit, 0 errors, 0 left on base; Burlington 1 - Charleston 1 |
| BOTTOM OF THE 6TH |
|
Charleston RiverDogs batting - Pitching for Burlington Bees : RHP Devin Spears
|
|
Pinch Hitting: LHB Joe Vida
|
0-0: Foul Ball, location: 2F 0-1: Ball 1-1: Swinging Strike 1-2: Ball 2-2: Strikes out swinging
|
|
Batting: RHB Nate Singleton
|
0-0: Swinging Strike 0-1: Ball 1-1: Foul Ball, location: 2F 1-2: Foul Ball, location: 2F 1-2: Ground out 3-1 (Groundball, 34S, EV 83.8 MPH)
|
|
Batting: RHB Michael Patterson
|
0-0: Ball 1-0: Foul Ball, location: 2F 1-1: SINGLE (Line Drive, 9S, EV 93.8 MPH)
|
|
Pinch Hitting: SHB Tadaaki Kondo
|
0-0: Ball 1-0: Ball 2-0: Ball 3-0: Called Strike 3-1: Called Strike 3-2: Strikes out swinging
|
| Bottom of the 6th over - 0 runs, 1 hit, 0 errors, 1 left on base; Burlington 1 - Charleston 1 |
| TOP OF THE 7TH |
|
Burlington Bees batting - Pitching for Charleston RiverDogs : RHP Andrew Ray
|
|
Now at 3B: Gonçalo Burhil
|
|
|
Now in LF: John Sprenkel
|
|
|
Batting: SHB Danny Gelinas
|
0-0: Called Strike 0-1: Called Strike 0-2: Strikes out swinging
|
|
Batting: RHB Peter Westover
|
0-0: Ball 1-0: Ground out 5-3 (Groundball, 56, EV 101.2 MPH)
|
|
Batting: LHB Jamie Diebel
|
0-0: Ball 1-0: Foul Ball, location: 2F 1-1: SINGLE (Line Drive, 5D, EV 95.6 MPH)
|
|
Pitching: RHP Greg Ritchie
|
|
|
Batting: SHB David Vigo
|
0-0: Ball 1-0: Ball 2-0: Ball 3-0: Called Strike 3-1: Foul Ball, location: 2F 3-2: Foul Ball, location: 2F 3-2: Ground out 4-3 (Groundball, 34, EV 82.5 MPH)
|
| Top of the 7th over - 0 runs, 1 hit, 0 errors, 1 left on base; Burlington 1 - Charleston 1 |
| BOTTOM OF THE 7TH |
|
Charleston RiverDogs batting - Pitching for Burlington Bees : RHP Devin Spears
|
|
Pitching: RHP Simon Vogel
|
|
|
Batting: LHB Marc Durgin
|
0-0: Called Strike 0-1: SINGLE (Groundball, 4D, EV 99.4 MPH)
|
|
Batting: LHB Dale Anderson
|
0-0: Ball 1-0: Ball Marc Durgin steals 2nd base 2-0: Intentional Walk
|
|
Batting: RHB Iften Olujimi
|
0-0: Foul Ball, location: 2F 0-1: Called Strike 0-2: Ball 1-2: Strikes out looking
|
|
Batting: LHB Jeremiah Walker
|
0-0: Ball 1-0: Ball 2-0: Ball 3-0: Base on Balls Marc Durgin to third Dale Anderson to second
|
|
Batting: RHB Mike Zern
|
0-0: Ball 1-0: Foul Ball, location: 2F 1-1: SINGLE (Groundball, 6M, EV 100.6 MPH) Marc Durgin scores Dale Anderson to third Jeremiah Walker to second
|
|
Batting: RHB Gonçalo Burhil
|
0-0: Ball 1-0: Ball 2-0: Hit by Pitch Dale Anderson scores Jeremiah Walker to third Mike Zern to second
|
|
Batting: RHB Nate Singleton
|
0-0: Called Strike 0-1: SINGLE (Groundball, 6MD, EV 108.8 MPH) Jeremiah Walker scores Mike Zern to third Gonçalo Burhil to second
|
|
Batting: RHB Michael Patterson
|
0-0: Ball 1-0: Ball 2-0: Swinging Strike 2-1: Ball 3-1: Base on Balls Mike Zern scores Gonçalo Burhil to third Nate Singleton to second
|
|
Pitching: RHP Chris Adams
|
|
|
Batting: RHB John Sprenkel
|
0-0: Ball 1-0: Called Strike 1-1: Foul Ball, location: 2F 1-2: DOUBLE (Flyball, 8RD, EV 100.6 MPH) Gonçalo Burhil scores Nate Singleton scores Michael Patterson to third
|
|
Batting: LHB Marc Durgin
|
0-0: Ball 1-0: Called Strike 1-1: Foul Ball, location: 2F 1-2: Foul Ball, location: 2F 1-2: Ball 2-2: Strikes out looking
|
|
Batting: LHB Dale Anderson
|
0-0: Foul Ball, location: 2F 0-1: Foul Ball, location: 2F 0-2: Ball 1-2: Ball 2-2: Ball 3-2: Foul Ball, location: 2F 3-2: Strikes out swinging
|
| Bottom of the 7th over - 6 runs, 4 hits, 0 errors, 2 left on base; Burlington 1 - Charleston 7 |
| TOP OF THE 8TH |
|
Burlington Bees batting - Pitching for Charleston RiverDogs : RHP Greg Ritchie
|
|
Batting: RHB Phil Knox
|
0-0: Fly out, F7 (Line Drive, 7S, EV 93.1 MPH)
|
|
Batting: RHB Malachi Ephron
|
0-0: Ball 1-0: Foul Ball, location: 2F 1-1: Fly out, F8 (Flyball, 8LS, EV 89.4 MPH)
|
|
Batting: RHB Dan Myers
|
0-0: Ball 1-0: Ball 2-0: Called Strike 2-1: Ball 3-1: SOLO HOME RUN (Flyball, 78XD, EV 115.6 MPH), Distance : 450 ft
|
|
Batting: RHB Rory Cobb
|
0-0: Ball 1-0: Ball 2-0: Ground out 4-3 (Groundball, 4, EV 105.0 MPH)
|
| Top of the 8th over - 1 run, 1 hit, 0 errors, 0 left on base; Burlington 2 - Charleston 7 |
| BOTTOM OF THE 8TH |
|
Charleston RiverDogs batting - Pitching for Burlington Bees : RHP Chris Adams
|
|
Batting: RHB Iften Olujimi
|
0-0: Ball 1-0: Ball 2-0: Called Strike 2-1: Ball 3-1: Ground out 6-3 (Groundball, 6, EV 90.0 MPH)
|
|
Batting: LHB Jeremiah Walker
|
0-0: Ball 1-0: Ground out 4-3 (Groundball, 34, EV 113.1 MPH)
|
|
Batting: RHB Mike Zern
|
0-0: Ball 1-0: Ball 2-0: Ball 3-0: Base on Balls
|
|
Batting: RHB Gonçalo Burhil
|
0-0: Ball 1-0: Fielders Choice at 2nd, 5-4 (Groundball, 56, EV 95.0 MPH)
|
| Bottom of the 8th over - 0 runs, 0 hits, 0 errors, 1 left on base; Burlington 2 - Charleston 7 |
| TOP OF THE 9TH |
|
Burlington Bees batting - Pitching for Charleston RiverDogs : RHP Greg Ritchie
|
|
Batting: LHB Pavla Markianov
|
0-0: Ball 1-0: Ball 2-0: Called Strike 2-1: Fly out, F7 (Line Drive, 7D, EV 88.8 MPH)
|
|
Batting: SHB Danny Gelinas
|
0-0: Foul Ball, location: 2F 0-1: Ball 1-1: Foul Ball, location: 2F 1-2: Fly out, F2 (Popup, 2RF, EV 83.8 MPH)
|
|
Batting: RHB Peter Westover
|
0-0: Ball 1-0: Called Strike 1-1: Foul Ball, location: 2F 1-2: Ball 2-2: Ball 3-2: Strikes out swinging
|
| Top of the 9th over - 0 runs, 0 hits, 0 errors, 0 left on base; Burlington 2 - Charleston 7 |
|